AoeStats
← Juanfreelance

Nomad

508145703Analyzed
2v2 RM · 11d ago on Sep 21, 2026· 50m 46s· 4 players
Game mode
Random Map
Map size
176×176
Population
200
Speed
Normal
Resources
Standard
Victory
Conquest
Starting age
Dark Age
Ending age
Imperial Age
RankedLock teamsTeams togetherTeam positionsShared explorationLock speedFull tech treeHidden civsTurbo modeCheats
Victory
Defeat
🇺🇸 Koreans · United States
1243
+15
🇺🇸 Spanish · United States
1219
+16
🇵🇦 Persians · Panama
1260
-18
🇧🇷 Mongols · Brazil
1168
-13
caesarcaesar
4:33 Loom
12:35 Feudal Age
13:05 Double-Bit Axe
18:39 Castle Age
16:32 Stone Mining
17:07 Fishing Lines
17:35 Gold Mining
18:21 Fletching
21:06 Bodkin Arrow
21:12 Padded Archer Armor
23:21 Leather Archer Armor
26:10 Wheelbarrow
27:12 Town Watch
27:48 Medium Warships
27:29 Gillnets
32:40 Hand Cart
39:15 Imperial Age
37:01 Horse Collar
37:34 Bow Saw
37:52 Scale Barding Armor
38:57 Stone Shaft Mining
39:19 Ballistics
39:17 Forging
38:51 Pikeman
40:24 Conscription
40:36 Ring Archer Armor
40:21 Halberdier
41:13 Squires
42:24 Two-Man Saw
42:31 Fervor
42:42 Sanctity
43:30 Scale Mail Armor
46:53 Chemistry
46:03 Masonry
47:06 Heavy Plow
48:33 Elite Conquistador
49:06 Gambesons
49:23 Husbandry
49:34 Bloodlines
terrypk1
6:55 Loom
12:35 Feudal Age
13:25 Double-Bit Axe
15:57 Fletching
17:12 Man-at-Arms
20:37 Castle Age
18:48 Gold Mining
19:19 Arson
20:57 Stone Mining
22:21 Wheelbarrow
24:34 Bow Saw
24:46 Town Watch
26:54 Fishing Lines
27:58 Gillnets
28:31 Horse Collar
34:13 Bodkin Arrow
38:24 Imperial Age
36:40 Hand Cart
36:07 Elite Skirmisher
37:50 Gambesons
38:05 Squires
40:00 Eupseong
40:29 Elite Fire Lancer
43:06 Scale Mail Armor
43:17 Forging
43:53 Ballistics
44:21 Chain Mail Armor
44:07 Bracer
46:41 Plate Mail Armor
46:46 Iron Casting
46:02 Pikeman
47:08 Halberdier
49:02 Gold Shaft Mining
Juanfreelance
3:18 Loom
15:09 Feudal Age
18:53 Castle Age
47:20 Imperial Age
48:03 Wheelbarrow
47:15 Double-Bit Axe
48:20 Kamandaran
48:34 Crossbowman
50:03 Fletching
50:14 Padded Archer Armor
brun0fs
3:53 Loom
15:30 Feudal Age
16:58 Wheelbarrow
16:45 Fishing Lines
17:31 Double-Bit Axe
17:39 Gold Mining
23:15 Castle Age
22:46 Bloodlines
22:43 Scale Barding Armor
22:49 Forging
26:56 Iron Casting
27:33 Gillnets
30:37 Medium Warships
34:31 Horse Collar
39:07 Chain Barding Armor
42:57 Hand Cart
45:16 Imperial Age
44:02 Husbandry
46:50 Heavy Plow
49:25 Imperial Age
49:37 Elite Steppe Lancer
51:19 Blast Furnace
Connection lost

Rejoining the realm…

Still unreachable

The connection could not be restored.

Session expired

The server has moved on; the page needs a fresh start.